 Dungeon Crawl Stone Soup version 0.26-a0-818-g75db068ed4 (webtiles) character file.

Game seed: 12182971285767619975

73 reriks the Skirmisher (level 4, -4/29 HPs)
             Began as a Gargoyle Fighter on Nov 15, 2020.
             Killed by divine providence
             ... invoked by an orc priest
              (13 damage)
             ... on level 3 of the Dungeon.
             The game lasted 00:01:35 (1520 turns).

reriks the Skirmisher (Gargoyle Fighter)            Turns: 1520, Time: 00:01:35

Health: -4/29      AC: 14    Str: 21    XL:     4   Next: 27%
Magic:  13/13      EV: 12    Int:  8    God:
Gold:   187        SH:  9    Dex:  9    Spells: 3/3 levels left

rFire    . . .     SeeInvis .   a - +0 war axe
rCold    . . .     Faith    .   c - +0 kite shield
rNeg     + . .     Spirit   .   b - +0 scale mail
rPois    ∞         Reflect  .   (no helmet)
rElec    +         Harm     .   q - +0 cloak
rCorr    .         Rampage  .   u - +0 pair of gloves
MR       .....                  s - +0 pair of boots
Stlth    ..........             (no amulet)
HPRegen  0.09/turn              w - +4 ring of evasion
MPRegen  0.13/turn              r - ring of magical power

@: no status effects
A: negative energy resistance 1, electricity resistance, unbreathing,
petrification resistance, rot immunity, AC +3
a: no special abilities


You were on level 3 of the Dungeon.
You visited 1 branch of the dungeon, and saw 3 of its levels.

You collected 187 gold pieces.

Inventory:

Hand Weapons
 a - a +0 war axe (weapon)
Missiles
 k - 82 stones (quivered)
 p - 15 poisoned darts
Armour
 b - a +0 scale mail (worn)
 c - a +0 kite shield (worn)
 q - a +0 cloak (worn)
 s - a +0 pair of boots (worn)
 u - a +0 pair of gloves (worn)
Jewellery
 r - a ring of magical power (right hand)
 w - a +4 ring of evasion (left hand)
Scrolls
 h - a scroll of random uselessness {unknown}
 i - 3 scrolls of remove curse {unknown}
 j - 3 scrolls of teleportation {unknown}
 o - a scroll of immolation {unknown}
 t - a scroll of enchant armour {unknown}
 v - a scroll of blinking {unknown}
Potions
 d - a potion of might
 f - a potion of mutation
 g - 6 potions of curing
 l - a potion of resistance
 m - a potion of ambrosia {unknown}
 n - a potion of berserk rage
 x - a potion of brilliance {unknown}
 z - a potion of haste {unknown}


   Skills:
 + Level 3.8 Fighting
 + Level 2.3 Axes
 + Level 3.7 Armour
 + Level 1.1 Dodging
 + Level 3.8 Shields


You had 3 spell levels left.
You didn't know any spells.
Your spell library was empty.

Dungeon Overview and Level Annotations

Branches:
Dungeon (3/15)

Altars:
Hepliaklqana
Makhleb
Nemelex Xobeh
Wu Jian
Zin


Innate Abilities, Weirdness & Mutations

You are resistant to torment.
Your stone body is resilient. (AC +3)
You are immune to poison.
You resist negative energy. (rN+)
You are resistant to electric shocks. (rElec)
You can survive without breathing.
You are immune to petrification.
You are immune to rotting.


Message History

You hit the orc but do no damage.
The orc is severely wounded.
You block the orc's attack.
You hit the orc.
You kill the orc!
Your shield prevents you from hitting the orc priest.
The orc priest is moderately wounded.
The orc priest hits you with a +0 hand axe.
You block the orc priest's attack.
You hit the orc priest.
The orc priest is heavily wounded.
The orc priest hits you with a +0 hand axe.
You closely miss the orc priest.
The orc priest is heavily wounded.
The orc priest closely misses you.
You hit the orc priest.
The orc priest is almost dead.
The orc priest calls down the wrath of Beogh upon you.
Beogh smites you!
You die...

# .# #. ### .## #..
#.. .. #... #.# #.#
#.... #.# ..
#.....##.# .#
#...oo@.##.##.#
#.#####.......# #
#.#####.##.####
#.#### #.##.......#
.....###.##.##.####
#...##.##.##.#
#..<##.......#
#.........####
###########


You could see an orc priest and an orc.

Vanquished Creatures
  An adder (D:3)
  An ooze (D:2)
  A worm (D:2)
  A dart slug (D:1)
  A leopard gecko (D:2)
  An orc (D:3)
  2 giant cockroaches
  8 goblins
  7 hobgoblins
  4 jackals (D:1)
  5 kobolds
  A quokka (D:2)
  8 bats
  5 frilled lizards
  5 rats
51 creatures vanquished.

Notes
Turn   | Place    | Note
-------+----------+-------------------------------------------
     0 | D:1      | reriks the Gargoyle Fighter began the quest for the Orb.
     0 | D:1      | Reached XP level 1. HP: 14/14 MP: 1/1
   113 | D:1      | Reached XP level 2. HP: 18/19 MP: 2/2
   516 | D:1      | Reached XP level 3. HP: 23/23 MP: 3/3
   961 | D:2      | Found a hazy altar of Hepliaklqana.
   964 | D:2      | Reached skill level 1 in Dodging
  1139 | D:2      | Found a faded altar of an unknown god.
  1139 | D:2      | Found a burning altar of Makhleb.
  1148 | D:2      | Found a glowing silver altar of Zin.
  1150 | D:2      | Found a sparkling altar of Nemelex Xobeh.
  1176 | D:2      | Found a faded altar of an unknown god.
  1222 | D:2      | Found an ornate altar of the Wu Jian Council.
  1370 | D:2      | Reached XP level 4. HP: 29/29 MP: 4/4
  1520 | D:3      | Killed from afar by an orc priest

Illustrated notes

Levels and vault maps discovered:
D:1:      kennysheep_arrival_seaside, layout_loops_cross
D:2:      layout_rooms, overflow_temple_1_default,
          chequers_temple_overflow_minitemple, marbit_many_paths,
          grunt_decor_fettered, minmay_pentomino_s2
D:3:      layout_loops_cross

Skill      XL: |  1  2  3 |
---------------+----------+-----
Axes           | 2 |  2.3
Dodging        | 1 |  1.1
Fighting       | |  3.8
Armour         | |  3.7
Shields        | |  3.8

Action                   |  1- 3 |  4- 6 || total
-------------------------+-------+-------++-------
Melee: War axe           |   119 |    17 ||   136
Throw: Stone             |     1 |       ||     1
  Use: Scroll            |       |     4 ||     4
Armor: Scale mail        |    85 |     5 ||    90
Dodge: Dodged            |    47 |     5 ||    52
Block: Kite shield       |    72 |     8 ||    80

Table legend: (Time is in decaauts)
 A = Elapsed time spent in this place.
 B = Non-inter-level travel time spent in this place.
 C = Inter-level travel time spent in this place.
 D = Time resting spent in this place.
 E = Time spent auto-exploring this place.
 F = Levels seen in this place.
 G = Mean time per level.
                   A        B        C        D        E       F      G
               +--------+--------+--------+--------+--------+-----+--------+
         Total |   1584 |   1485 |     99 |      0 |   1115 |   3 |  528.0 |
       Dungeon |   1584 |   1485 |     99 |      0 |   1115 |   3 |  528.0 |
               +--------+--------+--------+--------+--------+-----+--------+

Top non-repeatable levels by time:
     D:1: 871 daAuts
     D:2: 609 daAuts
     D:3: 103 daAuts
